 Dungeon Crawl Stone Soup version 0.20.1-1-g8b1a95d (webtiles) character file.

1243 MovingMist the Ducker (level 8, 0/62 HPs)
             Began as a Demonspawn Gladiator on Nov 23, 2017.
             Slain by an orc warrior
             ... wielding a +0 hand axe
              (17 damage)
             ... on level 6 of the Dungeon.
             The game lasted 00:12:45 (5056 turns).

MovingMist the Ducker (Demonspawn Gladiator)        Turns: 5056, Time: 00:12:46

Health: 0/62       AC: 11    Str: 17    XL:     8   Next: 25%
Magic:  8/8        EV: 12    Int: 10    God:
Gold:   240        SH:  7    Dex: 14    Spells: 7/7 levels left

rFire    . . .     SeeInvis .   a - +0 long sword
rCold    . . .     Gourm    .   H - +0 buckler
rNeg     . . .     Faith    .   v - +2 scale mail {MR+}
rPois    .         Spirit   .   (helmet restricted)
rElec    .         Reflect  .   C - +0 cloak
rCorr    .         Harm     .   r - +0 pair of gloves
MR       +....                  B - +0 pair of boots
Stlth    ..........             (no amulet)
Regen    0.2/turn               (no ring)
MPRegen  0.2/turn               (no ring)

@: no status effects
A: horns 2, large bone plates 1, powered by death 2
a: no special abilities


You were on level 6 of the Dungeon.
You were not hungry.

You visited 1 branch of the dungeon, and saw 6 of its levels.
You also visited: Sewer.

You collected 240 gold pieces.

Inventory:

Hand Weapons
 a - a +0 long sword (weapon)
 z - a +0 great sword
Missiles
 d - 3 throwing nets (quivered)
Armour
 l - a +0 chain mail
 r - a +0 pair of gloves (worn)
 v - a +2 scale mail of magic resistance (worn)
 B - a +0 pair of boots (worn)
 C - a +0 cloak (worn)
 H - a +0 buckler (worn)
Jewellery
 E - the ring "Qinovucs" {*Tele rElec MR+, unknown}
   (You found it on level 5 of the Dungeon)

   [ring of teleportation]

   It may teleport you next to monsters.
   It insulates you from electricity.
   It affects your resistance to hostile enchantments.
Wands
 w - a wand of random effects (23/48)
Scrolls
 b - 2 scrolls of fog {unknown}
 c - a scroll of blinking {unknown}
 h - 2 scrolls of random uselessness {unknown}
 i - 3 scrolls of identify
 j - a scroll of enchant weapon {unknown}
 k - a scroll of enchant armour {unknown}
 n - 3 scrolls of teleportation
 t - a scroll of amnesia
 x - a scroll of fear {unknown}
 y - 2 scrolls of immolation
 G - 2 scrolls of noise {unknown}
Potions
 e - 3 potions of curing
 o - a potion of cancellation {unknown}
 q - 7 potions of flight
 s - a potion of invisibility {unknown}
 u - 2 potions of lignification {unknown}
 A - 4 potions of brilliance {unknown}
 D - a potion of heal wounds {unknown}
 F - a potion of haste {unknown}
Comestibles
 f - 3 bread rations
 g - 8 meat rations
 m - 5 fruits
 p - 2 royal jellies
 I - 6 chunks of flesh


   Skills:
 + Level 5.2 Fighting
 + Level 5.2 Long Blades
 - Level 1.7 Throwing
 * Level 7.0 Dodging


You had 7 spell levels left.
You didn't know any spells.

Dungeon Overview and Level Annotations

Branches:
Dungeon (6/15)
 Temple: D:4-7

Altars:
Vehumet


Innate Abilities, Weirdness & Mutations

You have a pair of horns on your head.
You are partially covered in large bone plates. (SH +4)
You regenerate health from kills.


Message History

The orc warrior closely misses you.
You riposte.
You completely miss the orc warrior.
The orc warrior is severely wounded.
You hit the orc warrior but do no damage.
The orc warrior is severely wounded.
The orc warrior misses you.
You closely miss the orc warrior.
The orc warrior is severely wounded.
The orc warrior hits you with a hand axe!
The orc warrior barely misses you.
You riposte.
You barely miss the orc warrior. You headbutt the orc warrior.
The orc warrior is almost dead.
You hit the orc warrior but do no damage.
The orc warrior is almost dead.
The orc warrior hits you with a hand axe!
* * * LOW HITPOINT WARNING * * *
You hit the orc warrior but do no damage.
The orc warrior is almost dead.
The orc warrior hits you with a hand axe!
You die...

##...##.##.##..
...............
......(........
......>........
...............
...............
........[......
......)@o......
##+###..###....##..
##...##+####....##
.................#
................>#
.............)...#
.................#
.................#
.................#


You could see an orc warrior.

Vanquished Creatures
  Sigmund (D:3)
  3 ogres
  A phantom (D:5)
  A centaur (D:5)
  3 scorpions (D:5)
  A howler monkey (D:5)
  A centaur skeleton (D:4)
  An orc priest (D:5)
  2 orc wizards (D:5)
  Crazy Yiuf (D:3)
  Terence (D:3)
  An iguana (D:5)
  A worker ant (D:5)
  A river rat (D:3)
  11 adders
  3 shadow imps (D:5)
  3 oozes
  4 worms
  2 dart slugs (D:1)
  5 leopard geckos
  9 orcs
  4 giant cockroaches
  19 goblins
  3 hobgoblins
  6 jackals
  9 kobolds
  3 quokkas
  9 ball pythons
  10 bats
  8 frilled lizards
  A leopard gecko skeleton (D:5)
  13 rats
141 creatures vanquished.

Notes
Turn   | Place    | Note
-------+----------+-------------------------------------------
     0 | D:1      | MovingMist the Demonspawn Gladiator began the quest for the Orb.
     0 | D:1      | Reached XP level 1. HP: 16/16 MP: 1/1
   242 | D:1      | Reached skill level 3 in Dodging
   259 | D:1      | Gained mutation: You have a pair of small horns on your head. [demonic ancestry]
   259 | D:1      | Reached XP level 2. HP: 20/22 MP: 2/2
   727 | D:2      | Gained mutation: You regenerate a little health from kills. [demonic ancestry]
   727 | D:2      | Reached XP level 3. HP: 27/27 MP: 3/3
  1312 | D:2      | Found a radiant altar of Vehumet.
  1482 | D:2      | Gained mutation: You regenerate health from kills. [demonic ancestry]
  1482 | D:2      | Reached XP level 4. HP: 31/34 MP: 4/4
  1577 | D:2      | Reached skill level 4 in Dodging
  1662 | D:3      | Found a glowing drain.
  1662 | D:3      | Noticed Terence
  1684 | D:3      | Killed Terence
  1684 | D:3      | Gained mutation: You have a pair of horns on your head. [demonic ancestry]
  1684 | D:3      | Reached XP level 5. HP: 29/41 MP: 5/5
  1729 | Sewer    | Entered a sewer
  2308 | D:3      | Noticed Sigmund
  2334 | D:3      | Killed Sigmund
  2334 | D:3      | Reached skill level 5 in Dodging
  2334 | D:3      | Reached XP level 6. HP: 14/47 MP: 6/6
  2462 | D:3      | Found a faded altar of an unknown god.
  2600 | D:3      | Found a runed door.
  2767 | D:3      | Noticed Crazy Yiuf
  2773 | D:3      | Killed Crazy Yiuf
  3652 | D:4      | Reached XP level 7. HP: 36/54 MP: 7/7
  3916 | D:5      | Entered Level 5 of the Dungeon
  3935 | D:5      | Got a sparkling marble ring
  4053 | D:5      | Reached skill level 6 in Dodging
  4435 | D:5      | Gained mutation: You are partially covered in large bone plates. (SH +4) [demonic ancestry]
  4435 | D:5      | Reached XP level 8. HP: 34/61 MP: 8/8
  4613 | D:5      | Reached skill level 5 in Long Blades
  4630 | D:5      | Reached skill level 5 in Fighting
  4898 | D:5      | Reached skill level 7 in Dodging
  5056 | D:6      | Slain by an orc warrior

Skill      XL: |  1  2  3  4  5  6  7  8 |
---------------+-------------------------+-----
Dodging        | 3 4 5 6 7 |  7.0
Long Blades    | 3 4 5 |  5.2
Fighting       | 3 4 5 |  5.2
Throwing       | |  1.7

Action                   |  1- 3 |  4- 6 |  7- 9 || total
-------------------------+-------+-------+-------++-------
Melee: Long sword        |    91 |   229 |   142 ||   462
       Headbutt          |    14 |    39 |    42 ||    95
  Use: Scroll            |     1 |     5 |       ||     6
       Potion            |       |     1 |     1 ||     2
  Eat: Chunk             |     2 |     8 |     5 ||    15
Armor: Leather armour    |     7 |       |       ||     7
       Scale mail        |    28 |   131 |    42 ||   201
Dodge: Dodged            |    60 |   149 |    92 ||   301
Block: Buckler           |       |       |    20 ||    20
       Rpst.: Long sword |    18 |    53 |    27 ||    98
